 Dungeon Crawl Stone Soup version 0.22-a0-479-gc6e99f3 (webtiles) character file.

56 ducky the Skirmisher (level 3, 0/33 HPs)
             Began as a Draconian Berserker on June 14, 2018.
             Was a Believer of Trog.
             Slain by a bullfrog (5 damage)
             ... on level 2 of the Dungeon.
             The game lasted 00:11:05 (995 turns).

ducky the Skirmisher (Draconian Berserker)           Turns: 995, Time: 00:11:05

Health: 0/33       AC:  5    Str: 20    XL:     3   Next: 69%
Magic:  3/3        EV: 13    Int:  7    God:    Trog [**....]
Gold:   44         SH:  5    Dex: 10    Spells: 2/2 levels left

rFire    . . .     SeeInvis .   a - +0 spear
rCold    . . .     Gourm    .   (no shield)
rNeg     . . .     Faith    .   (armour unavailable)
rPois    .         Spirit   .   (helmet restricted)
rElec    .         Reflect  +   (no cloak)
rCorr    .         Harm     .   (no gloves)
MR       .....                  (no boots)
Stlth    +.........             f - +5 amulet of reflection
HPRegen  0.11/turn              (no ring)
MPRegen  0.08/turn              (no ring)

@: no status effects
A: unfitting armour, cold-blooded, AC +5
a: Berserk, Trog's Hand, Renounce Religion


You were on level 2 of the Dungeon.
You worshipped Trog.
Trog was pleased with you.
You were not hungry.

You visited 1 branch of the dungeon, and saw 3 of its levels.

You collected 44 gold pieces.

Inventory:

Hand Weapons
 a - a +0 spear (weapon)
 e - a +0 spear
 g - a +0 club
 k - a +0 short sword
 l - a +0 whip
Missiles
 d - 57 arrows
 m - 13 poisoned needles
Armour
 i - a +0 leather armour
 u - a +0 robe
Jewellery
 f - a +5 amulet of reflection (around neck)
 j - an uncursed amulet of the acrobat {unknown}
 q - an uncursed ring of see invisible
Scrolls
 c - a scroll of random uselessness {unknown}
 n - a scroll of enchant weapon {unknown}
 p - a scroll of identify
 t - 2 scrolls of teleportation {unknown}
Potions
 o - a potion of curing {unknown}
 r - a potion of lignification {unknown}
 s - a potion of agility {unknown}
Comestibles
 b - 2 rations
 v - 5 chunks of flesh


   Skills:
 + Level 3.8 Fighting
 + Level 3.7 Polearms
 + Level 3.3 Dodging


You had 2 spell levels left.
You didn't know any spells.
Your spell library was empty.

Dungeon Overview and Level Annotations

Branches:
Dungeon (3/15)

Altars:


Innate Abilities, Weirdness & Mutations

Your plain brown scales are hard. (AC +5)
You cannot fit into any form of body armour.
You are cold-blooded and may be slowed by cold attacks.


Message History

* * * LOW HITPOINT WARNING * * *
The bullfrog misses you. The bullfrog misses you. The bullfrog hits you.
* * * LOW HITPOINT WARNING * * *
As you read the scroll labeled BEURED UMEE, it crumbles to dust.
It is a scroll of identify.
q - an uncursed ring of see invisible The bullfrog barely misses you.
As you read the scroll labeled SAWKUI ZEAVISCH, it crumbles to dust.
The creatures around you are filled with an inner flame!
It was a scroll of immolation.
The bullfrog hits you but does no damage.
The bullfrog closely misses you.
Unknown command.
The bullfrog misses you. The bullfrog barely misses you.
The bullfrog completely misses you. The bullfrog hits you.
You die...

##########.....g..#
#.........#
..........#####...#
#####.###..
###.......# ###.#
#........ #..#.##.#
#.# ##.###.###
#..#.##.# ##g##
#⌠.⌠##.##⌠ #..#.##.##
#...# ##...###..
#..g.....# #...#
##....... #..(.....#
#F..# ##..>..#
##÷#.###.# ##@..#
##⌠.⌠##
#.#..##.#...........#
#####
#.....<..............
#..#.##.#..>........#
#..... .#####...#####
##.#..... .....
#.#.##### #...#.
#.#.# #..#### #.#


You could see a bullfrog (inner flame) and a hobgoblin (inner flame).

Vanquished Creatures
  Jessica (D:2)
  A dart slug (D:1)
  3 giant cockroaches (D:1)
  3 goblins
  5 hobgoblins
  5 bats
  2 frilled lizards
  3 kobolds (D:1)
  7 rats
30 creatures vanquished.

Notes
Turn   | Place    | Note
-------+----------+-------------------------------------------
     0 | D:1      | ducky the Draconian Berserker began the quest for the Orb.
     0 | D:1      | Reached XP level 1. HP: 19/19 MP: 1/1
   158 | D:1      | Reached XP level 2. HP: 21/26 MP: 2/2
   397 | D:1      | You fall through a shaft!
   560 | D:1      | Reached ** piety under Trog
   906 | D:2      | Noticed Jessica
   911 | D:2      | Killed Jessica
   911 | D:2      | Reached XP level 3. HP: 33/33 MP: 3/3
   951 | D:2      | Noticed a bullfrog
   995 | D:2      | Slain by a bullfrog

Vault maps used:
D:1:      dpeg_arrival_oval
D:2:      grunt_ministairs_8, okawaru_altar_gauntlet_db, uniq_jessica
D:3:      first_ration

Skill      XL: |  1  2 |
---------------+-------+-----
Dodging        | 3 |  3.3
Fighting       | |  3.8
Polearms       | |  3.7

Action                   || total
-------------------------++-------
Melee: Spear             ||   107
       Tailslap          ||     9
  Use: Scroll            ||     2
Armor: Skin              ||    27
Dodge: Dodged            ||    58
Block: Other             ||    16

Table legend:
 A = Spawn XP
 B = Non-spawn XP
 C = Spawn XP percentage of total XP
 D = Spawn monster count
 E = Non-spawn monster count
 F = Spawn count percentage of total count
 G = Total turns spent on level
                    A         B        C        D         E        F      G
               +---------+---------+-------+---------+---------+-------+---------
         Total |       0 |      80 |   0.0 |       0 |      30 |   0.0 |   995
               +---------+---------+-------+---------+---------+-------+---------
           D:1 |       0 |      31 |   0.0 |       0 |      20 |   0.0 |   815
           D:2 |       0 |      49 |   0.0 |       0 |      10 |   0.0 |   176
               +---------+---------+-------+---------+---------+-------+---------
